 Dungeon Crawl Stone Soup version 0.31-a0-1616-gbeaec30b81 (webtiles) character file.

Game seed: 14277678247405056744

46 Newt the Cutter (level 3, 0/28 HPs)
             Began as a Demonspawn Gladiator on Jan 10, 2024.
             Succumbed to an adder's poison
             ... on level 1 of the Dungeon.
             The game lasted 00:01:42 (939 turns).

Newt the Cutter (Demonspawn Gladiator)               Turns: 939, Time: 00:01:43

Health: 0/28       AC:  5    Str: 16    XL:     3   Next: 44%
Magic:  3/3        EV: 12    Int:  8    God:
Gold:   57         SH:  0    Dex: 14    Spells: 2/2 levels left

rFire   . . .        a - +0 rapier
rCold   + . .        (no shield)
rNeg    . . .        b - +0 leather armour
rPois   .            c - +0 helmet
rElec   .            (no cloak)
rCorr   .            (no gloves)
SInv    .            m - +0 pair of boots
Will    .....        (no amulet)
Stlth   +            (no ring)
HPRegen 0.24/turn    (no ring)
MPRegen 0.08/turn

%: no passive effects
@: lethally poisoned (0 -> -1)
A: demonic guardian 1, talons 1, cold resistance 1
a: no special abilities


You were on level 1 of the Dungeon.
You visited 1 branch of the dungeon, and saw 2 of its levels.

You collected 57 gold pieces.

Inventory:

Hand Weapons
 a - a +0 rapier (weapon)
Missiles
 d - a throwing net (quivered)
 e - a javelin
Armour
 b - a +0 leather armour (worn)
 c - a +0 helmet (worn)
 m - a +0 pair of boots (worn)
Scrolls
 g - a scroll of immolation
 h - a scroll of teleportation {unknown}
 i - a scroll of revelation {unknown}
 j - a scroll of identify {unknown}
 l - a scroll of noise {unknown}
Potions
 k - a potion of invisibility {unknown}
 n - a potion of curing {unknown}


   Skills:
 + Level 2.5 Fighting
 + Level 3.1 Short Blades
 + Level 2.3 Throwing
 + Level 3.1 Dodging


You had 2 spell levels left.
You didn't know any spells.
Your spell library contained the following spells:

 Spells                   Type           Power      Damage    Failure   Level
 Jinxbite                 Hex            0%         N/A       63%         2
 Yara's Violent Unravell  Hex/Alch       0%         3d3       100%        5
 Enfeeble                 Hex            0%         N/A       100%        7


Dungeon Overview and Level Annotations

Branches:
Dungeon (2/15)

Altars:


Innate Abilities, Weirdness & Mutations

A weak demonic guardian rushes to your aid.
You have sharp toenails.
Your flesh is cold resistant. (rC+)


Message History

Unknown command.
You hit the adder.
The adder is severely wounded.
You feel sick. The endoplasm freezes you.
You are frozen.
The adder bites you but does no damage.
Unknown command.
Okay, then.
Unknown command.
Throw: 3 throwing nets
Press: ? - help, Q - select action, (/) - cycle Shift-Dir - straight line, f - adder
Aim: an adder (severely wounded, 38% to hit)
You throw a throwing net.
The throwing net closely misses the adder.
You feel sick. The adder bites you but does no damage.
The endoplasm closely misses you.
Throw: 2 throwing nets
Press: ? - help, Q - select action, (/) - cycle Shift-Dir - straight line, f/p - adder
Aim: an adder (severely wounded, 38% to hit)
You throw a throwing net. The throwing net hits the adder.
The adder is caught in the net!
The adder is severely wounded.
You feel sick.
The adder struggles against the net.
The endoplasm barely misses you.
Unknown command.
You catch the helpless adder completely off-guard!
You puncture the adder!
You kill the adder!
You feel sick. The endoplasm closely misses you.
Unknown command.
You hit the endoplasm.
The endoplasm is severely wounded.
You feel sick. The endoplasm freezes you.
You are frozen.
* * * LOW HITPOINT WARNING * * *
A demonic guardian appears!
It was a potion of mutation.
You feel extremely strange.
You feel resistant to cold.
Your toenails lengthen and sharpen.
You die...

#.....##.#.#.#.#####.............
.##....#.#.#.#.##................
.........#.#..............#......
......##......|.............#####
.#....##...#..............###
...........................#
...........##..##..........#
.#..#..........#(...######.#
......######...J@.5.######.##
.##.#.#...........##........#
.##.#.............##........#
......#......รท....##........#
##.####...........########.##
...# #...........# #.# ##.#
############# #.# .#)# #.# .#.#
#.#


You could see an endoplasm (ally target) and a friendly white imp (summoned).

Vanquished Creatures
  2 adders (D:1)
  A dart slug (D:1)
  A ball python (D:1)
  An endoplasm (D:1)
  2 giant cockroaches (D:1)
  2 goblins (D:1)
  6 hobgoblins (D:1)
  A quokka (D:1)
  4 bats (D:1)
  3 kobolds (D:1)
  A rat (D:1)
24 creatures vanquished.

Notes
Turn   | Place    | Note
-------+----------+-------------------------------------------
     0 | D:1      | Newt the Demonspawn Gladiator began the quest for the Orb.
     0 | D:1      | Reached XP level 1. HP: 16/16 MP: 1/1
   184 | D:1      | Gained mutation: A weak demonic guardian rushes to your
                  | aid. [demonic ancestry]
   184 | D:1      | Reached XP level 2. HP: 22/22 MP: 2/2
   194 | D:1      | Found a faded altar of an unknown god.
   912 | D:1      | Reached XP level 3. HP: 24/28 MP: 3/3
   938 | D:1      | HP: 1/28 [frozen (5)]
   939 | D:1      | Gained mutation: Your flesh is cold resistant. (rC+)
                  | [potion of mutation]
   939 | D:1      | Gained mutation: You have sharp toenails. [potion of
                  | mutation]
   939 | D:1      | Succumbed to an adder's poison

Illustrated notes

Levels and vault maps discovered:
D:1:      lightli_arrival_statue_moat, layout_basic,
          hellmonk_ecumenical_altar_blasted, serial_forest,
          infiniplex_forest_corner_1, infiniplex_forest_clump_long,
          infiniplex_forest_clump_tiny, infiniplex_forest_lined_room_2,
          infiniplex_forest_clump_diagonal, infiniplex_forest_straight_5
D:2:      layout_basic, basic_altar, interstate_on_off, uniq_sigmund, uniq_robin

Skill      XL: |  1  2 |
---------------+-------+-----
Throwing       | 2 |  2.3
Dodging        | 3 |  3.1
Short Blades   | 3 |  3.1
Fighting       | |  2.5

Action                     || total
---------------------------++-------
  Melee: Rapier            ||   103
  Throw: Throwing net      ||     2
    Use: Potion            ||     1
   Stab: Held in net/web   ||     1
 Armour: Leather armour    ||    65
  Dodge: Dodged            ||    78

Table legend: (Time is in decaauts)
 A = Elapsed time spent in this place.
 B = Non-inter-level travel time spent in this place.
 C = Inter-level travel time spent in this place.
 D = Time resting spent in this place.
 E = Time spent auto-exploring this place.
 F = Levels seen in this place.
 G = Mean time per level.
                   A        B        C        D        E       F      G
               +--------+--------+--------+--------+--------+-----+--------+
         Total |    945 |    884 |     61 |      0 |    661 |   2 |  472.5 |
       Dungeon |    945 |    884 |     61 |      0 |    661 |   2 |  472.5 |
               +--------+--------+--------+--------+--------+-----+--------+

Top non-repeatable levels by time:
     D:1: 939 daAuts
     D:2: 6 daAuts
